AoeStats
← JamesNewstedd

African Clearing

510599985Analyzed
4v4 RM · 10h ago on Oct 1, 2026· 26m 5s· 8 players
Game mode
Random Map
Map size
Large (8 player)
Population
200
Speed
Normal
Resources
Standard
Victory
Conquest
Starting age
Dark Age
Ending age
Imperial Age
RankedLock teamsTeams togetherTeam positionsShared explorationLock speedFull tech treeHidden civsTurbo modeCheats
Victory
Defeat
🇩🇪 Japanese · Germany
1650
+9
🇩🇪 Persians · Germany
1512
+15
🇩🇪 Bulgarians · Germany
1496
+15
🇩🇪 Huns · Germany
1490
+16
🇨🇭 Byzantines · Switzerland
1543
-16
🇺🇸 Bohemians · United States
1485
-14
🇨🇳 Slavs · China
1475
-13
🇩🇪 Vikings · Germany
1445
-12
Pocket Lint
15:02 Feudal Age
16:16 Double-Bit Axe
18:48 Castle Age
16:52 Horse Collar
17:29 Loom
19:35 Horse Collar
20:14 Bow Saw
21:03 Wheelbarrow
20:25 Town Watch
24:25 Fletching
超级硬邦邦
3:32 Loom
14:38 Feudal Age
15:59 Double-Bit Axe
18:21 Castle Age
17:29 Wheelbarrow
17:43 Horse Collar
20:07 Bow Saw
20:28 Town Watch
flowaway4
10:16 Loom
12:39 Feudal Age
11:23 Loom
13:20 Double-Bit Axe
16:47 Fletching
21:18 Castle Age
21:31 Pikeman
23:23 Crossbowman
25:12 Bodkin Arrow
Bobo
12:04 Feudal Age
10:21 Loom
16:24 Castle Age
14:38 Double-Bit Axe
17:16 Scale Mail Armor
19:48 Horse Collar
20:51 Heavy Plow
21:30 Fletching
Scol1ng
11:25 Loom
13:51 Feudal Age
17:50 Castle Age
15:48 Fletching
16:14 Double-Bit Axe
18:51 Fishing Lines
23:36 Bodkin Arrow
25:36 Wheelbarrow
25:16 Bow Saw
26:52 Wheelbarrow
SvenVonE ツ
10:58 Loom
13:26 Feudal Age
18:42 Castle Age
18:54 Fletching
JamesNewstedd
5:38 Loom
14:24 Feudal Age
18:05 Castle Age
16:20 Double-Bit Axe
18:56 Bow Saw
19:49 Wheelbarrow
21:10 Fishing Lines
24:32 Horse Collar
105er.James Newstedd
12:06 Feudal Age
10:23 Loom
11:21 Loom
13:25 Double-Bit Axe
16:11 Castle Age
18:55 Scale Barding Armor
18:54 Horse Collar
19:30 Bow Saw
21:21 Forging
23:37 Bloodlines
25:06 Chain Barding Armor
Connection lost

Rejoining the realm…

Still unreachable

The connection could not be restored.

Session expired

The server has moved on; the page needs a fresh start.